 Dungeon Crawl Stone Soup version 0.32-a0-975-g85d4e5bfdb (webtiles) character file.

Game seed: 15774013130440040295

1 Esekla the Covered (level 1, 16/16 HPs)
             Began as a Demonspawn Wanderer on Apr 20, 2024.
             Got out of the dungeon alive.
             The game lasted 00:00:54 (54 turns).

Esekla the Covered (Demonspawn Wanderer)              Turns: 54, Time: 00:00:55

Health: 16/16      AC:  9    Str: 14    XL:     1   Next: 16%
Magic:  1/1        EV:  8    Int: 10    God:
Gold:   10         SH:  0    Dex: 12    Spells: 0/0 levels left

rFire   . . .        a - +0 quarterstaff
rCold   . . .        (shield currently unavailable)
rNeg    . . .        b - +2 scale mail
rPois   .            (no helmet)
rElec   .            (no cloak)
rCorr   .            (no gloves)
SInv    .            (no boots)
Will    .....        (no amulet) Stlth
                     (no ring)
HPRegen 0.22/turn    (no ring)
MPRegen 0.07/turn

%: no passive effects
@: no status effects
A: no striking features
a: no special abilities


You escaped.
You visited 1 branch of the dungeon, and saw 1 of its levels.

You collected 10 gold pieces.

Inventory:

Hand Weapons
 a - a +0 quarterstaff (weapon)
Armour
 b - a +2 scale mail (worn)
Scrolls
 d - a scroll of noise {unknown}
 e - a scroll of amnesia {unknown}
Potions
 c - 2 potions of curing


   Skills:
 + Level 2.0 Fighting
 + Level 2.6 Staves
 + Level 4.5 Armour


You couldn't memorise any spells.
You didn't know any spells.
Your spell library was empty.

Dungeon Overview and Level Annotations

Branches:
Dungeon (1/15)

Altars:


Message History

Found a staircase leading out of the dungeon.
You begin with the following items: a +0 quarterstaff, a +2 scale mail, 2 potions of curing.
Found a scroll labelled ETWUONT DIGISOEF.
There is an empty arch of ancient stone here.
Found a scroll labelled APSU SYVVOTEYQ.
Found 10 gold pieces.
d - a scroll labelled ETWUONT DIGISOEF
e - a scroll labelled APSU SYVVOTEYQ
There is an empty arch of ancient stone here.
A bat comes into view.
The bat barely misses you.
You see here 10 gold pieces.
You now have 10 gold pieces.
Your library has no spells.
Your library has no spells.
You closely miss the bat. The bat hits you but does no damage.
The bat hits you but does no damage.
You miss the bat. The bat hits you but does no damage. x2
You completely miss the bat. The bat hits you but does no damage.
The bat barely misses you.
There is an empty arch of ancient stone here.
You hit the bat.
The bat is severely wounded.
The bat hits you but does no damage. The bat hits you.
The bat barely misses you.
You closely miss the bat.
The bat is severely wounded.
The bat barely misses you.
You barely miss the bat.
The bat is severely wounded.
The bat hits you but does no damage.
You barely miss the bat.
The bat is severely wounded.
The bat barely misses you. The bat hits you but does no damage.
The bat barely misses you.
You sock the bat!
You kill the bat!
There is a staircase leading out of the dungeon here.
You have escaped!

###♣♣## #≈....###
##.....∩.#
##......#∩###
##.@.........##
#.............#
#.......♣.....#
#♣............#
#............### +..
#............∩.# #..
#............### ...
#..♣...........##...
#♣......ß.......##..


There were no monsters in sight!

Vanquished Creatures
  A bat (D:1)
1 creature vanquished.

Notes
Turn   | Place    | Note
-------+----------+-------------------------------------------
     0 | D:1      | Esekla the Demonspawn Wanderer began the quest for the Orb.
     0 | D:1      | Esekla set off with the following items: a +0 quarterstaff,
                  | a +2 scale mail, 2 potions of curing.
     0 | D:1      | Reached XP level 1. HP: 16/16 MP: 1/1
    54 | D:$      | Got out of the dungeon alive.

Illustrated notes

Levels and vault maps discovered:
D:1:      nzn_arrival_settlement, layout_basic,
          dreamdust_ecumenical_altar_grove, minmay_3d_cube

Action                     || total
---------------------------++-------
  Melee: Quarterstaff      ||     8
 Armour: Scale mail        ||     9
  Dodge: Dodged            ||     6

Table legend: (Time is in decaauts)
 A = Elapsed time spent in this place.
 B = Non-inter-level travel time spent in this place.
 C = Inter-level travel time spent in this place.
 D = Time resting spent in this place.
 E = Time spent auto-exploring this place.
 F = Levels seen in this place.
 G = Mean time per level.
                   A        B        C        D        E       F      G
               +--------+--------+--------+--------+--------+-----+--------+
         Total |     55 |     55 |      0 |      0 |      0 |   1 |   55.0 |
       Dungeon |     55 |     55 |      0 |      0 |      0 |   1 |   55.0 |
               +--------+--------+--------+--------+--------+-----+--------+

Top non-repeatable levels by time:
     D:1: 55 daAuts
